 Dungeon Crawl Stone Soup version 0.28-a0-674-gdaf460b524 (webtiles) character file.

Game seed: 15197324910293726999

16 SeagullWaffle the Skirmisher (level 2, 0/26 HPs)
             Began as a Draconian Fighter on Oct 17, 2021.
             Slain by an orc wizard (2 damage)
             ... on level 2 of the Dungeon.
             The game lasted 00:01:47 (784 turns).

SeagullWaffle the Skirmisher (Draconian Fighter)     Turns: 784, Time: 00:01:47

Health: 0/26       AC:  4    Str: 18    XL:     2   Next: 41%
Magic:  2/2        EV: 12    Int:  8    God:
Gold:   43         SH:  4    Dex: 10    Spells: 1/1 levels left

rFire   . . .      SeeInvis +   a - +0 long sword
rCold   . . .      Faith    .   b - +0 buckler
rNeg    . . .      Spirit   .   (armour unavailable)
rPois   .          Reflect  .   (helmet restricted)
rElec   .          Harm     .   (no cloak)
rCorr   .          Rampage  .   (no gloves)
Will    .....                   (no boots)
Stlth   +.........              (no amulet)
HPRegen 0.08/turn               i - ring of see invisible
MPRegen 0.08/turn               (no ring)

@: no status effects
A: AC +4, unfitting armour, cold-blooded
a: no special abilities


You were on level 2 of the Dungeon.
You visited 1 branch of the dungeon, and saw 2 of its levels.

You collected 43 gold pieces.

Inventory:

Hand Weapons
 a - a +0 long sword (weapon)
Armour
 b - a +0 buckler (worn)
Jewellery
 i - a ring of see invisible (left hand)
Scrolls
 d - 2 scrolls of enchant armour {unknown}
 e - a scroll of identify {unknown}
 f - a scroll of immolation {unknown}
 g - a scroll of vulnerability {unknown}
 h - a scroll of magic mapping {unknown}
Potions
 c - a potion of might
 j - 2 potions of mutation {unknown}


   Skills:
 + Level 3.5 Fighting
 + Level 2.1 Long Blades
 + Level 2.9 Dodging
 * Level 3.3 Shields


You had one spell level left.
You didn't know any spells.
Your spell library was empty.

Dungeon Overview and Level Annotations

Branches:
Dungeon (2/15)

Altars:

Shops:
D:1 ?*


Innate Abilities, Weirdness & Mutations

Your plain brown scales are hard. (AC +4)
You cannot fit into any form of body armour.
You are cold-blooded and may be slowed by cold attacks.


Message History

The orc wizard closely misses you.
You barely miss the orc wizard.
The orc wizard hits you with a +0 dagger.
The orc wizard misses you.
You barely miss the orc wizard.
Your tail-slap misses the orc wizard.
The orc wizard casts a spell at you. The magic dart hits you.
* * * LOW HITPOINT WARNING * * *
You barely miss the orc wizard.
The orc wizard points at you and mumbles some strange words.
The puff of flame misses you.
You hit the orc wizard but do no damage.
Your tail-slap misses the orc wizard.
The orc wizard hits you but does no damage. x2
You hit the orc wizard.
The orc wizard is lightly wounded.
The orc wizard hits you with a +0 dagger.
* * * LOW HITPOINT WARNING * * *
You hit the orc wizard but do no damage.
The orc wizard is lightly wounded.
You block the orc wizard's attack.
You barely miss the orc wizard. You tail-slap the orc wizard.
The orc wizard is moderately wounded.
The orc wizard misses you.
The orc wizard hits you but does no damage.
You closely miss the orc wizard.
The orc wizard is lightly wounded.
The orc wizard hits you with a +0 dagger.
* * * LOW HITPOINT WARNING * * *
You barely miss the orc wizard.
Your tail-slap misses the orc wizard.
The orc wizard is lightly wounded.
The orc wizard barely misses you.
You miss the orc wizard.
Your tail-slap misses the orc wizard.
The orc wizard is lightly wounded.
The orc wizard closely misses you.
The orc wizard hits you but does no damage.
You slash the orc wizard!
The orc wizard is almost dead.
The orc wizard hits you with a +0 dagger.
You die...

# #. #.
#.# #..
#)#######
#.oo@...#
#######.#
#.# #.#
#.# #.#
#.# #.#
#.# #.#


You could see an orc wizard (invisible) and an orc.

Vanquished Creatures
  2 orcs (D:2)
  2 endoplasms (D:1)
  A giant cockroach (D:1)
  A quokka (D:1)
  3 ball pythons
  A bat (D:1)
  A kobold (D:1)
  4 rats (D:1)
15 creatures vanquished.

Notes
Turn   | Place    | Note
-------+----------+-------------------------------------------
     0 | D:1      | SeagullWaffle the Draconian Fighter began the quest for the
                  | Orb.
     0 | D:1      | Reached XP level 1. HP: 19/19 MP: 1/1
   140 | D:1      | Found Yclumm's Book Emporium.
   143 | D:1      | Found Sollewn's Magic Scroll Boutique.
   554 | D:1      | Found Cujare's Assorted Antiques.
   556 | D:1      | Reached XP level 2. HP: 26/26 MP: 2/2
   781 | D:2      | HP: 1/26 [orc wizard (3)]
   784 | D:2      | Slain by an orc wizard

Illustrated notes

Levels and vault maps discovered:
D:1:      wander_arrival_desolate, layout_loops_ring, serial_shops,
          nicolae_shop_statue_plus, shop, nicolae_diamond_shop
D:2:      layout_loops_ring, uniq_natasha

Action                   || total
-------------------------++-------
Melee: Long sword        ||    47
       Tailslap          ||     4
Armor: Skin              ||    13
Dodge: Dodged            ||    23
Block: Buckler           ||     9

Table legend: (Time is in decaauts)
 A = Elapsed time spent in this place.
 B = Non-inter-level travel time spent in this place.
 C = Inter-level travel time spent in this place.
 D = Time resting spent in this place.
 E = Time spent auto-exploring this place.
 F = Levels seen in this place.
 G = Mean time per level.
                   A        B        C        D        E       F      G
               +--------+--------+--------+--------+--------+-----+--------+
         Total |    799 |    763 |     36 |      0 |    647 |   2 |  399.5 |
       Dungeon |    799 |    763 |     36 |      0 |    647 |   2 |  399.5 |
               +--------+--------+--------+--------+--------+-----+--------+

Top non-repeatable levels by time:
     D:1: 724 daAuts
     D:2: 75 daAuts
